 Dungeon Crawl Stone Soup version 0.23.2-11-gf996548 (webtiles) character file.

Game seed: 18181588714632915177

42 Caman46 the Insei (level 3, -1/23 HPs)
             Began as an Octopode Transmuter on June 3, 2019.
             Slain by an orc wizard
             ... wielding a +0 dagger
              (3 damage)
             ... on level 3 of the Dungeon.
             The game lasted 00:07:24 (2393 turns).

Caman46 the Insei (Octopode Transmuter)             Turns: 2393, Time: 00:07:24

Health: -1/23      AC:  1    Str:  9    XL:     3   Next: 54%
Magic:  5/6        EV: 13    Int: 16    God:
Gold:   99         SH:  0    Dex: 12    Spells: 5/6 levels left

rFire    . . .     SeeInvis .     - Unarmed
rCold    . . .     Gourm    .   (no shield)
rNeg     . . .     Faith    .   (helmet restricted)
rPois    .         Spirit   .   (no amulet)
rElec    .         Reflect  .   (no ring)
rCorr    .         Harm     .   (no ring)
MR       .....                  (no ring)
Stlth    ++........             (no ring)
HPRegen  0.07/turn              (no ring)
MPRegen  0.10/turn              (no ring)
                                (no ring)
                                (no ring)

@: appendage
A: almost no armour, stealthy swim, amphibious, 8 rings, constrict 8, tentacle
spike 3, camouflage 1, gelatinous body 1
a: End Transformation


You were on level 3 of the Dungeon.
You were not hungry.
One of your tentacles had a temporary spike.
You visited 1 branch of the dungeon, and saw 3 of its levels.

You collected 99 gold pieces.

Inventory:

Missiles
 a - 47 arrows
Jewellery
 d - a +3 ring of slaying {unknown}
 m - an uncursed ring of protection from magic {unknown}
Scrolls
 f - a scroll of enchant armour {unknown}
 h - a scroll of teleportation {unknown}
Potions
 b - a potion of agility
 e - a potion of resistance
 i - a potion of berserk rage
 j - a potion of curing
 n - a potion of cancellation
Comestibles
 c - 2 rations
 l - 5 chunks of flesh


   Skills:
 - Level 1.0 Fighting
 - Level 2.0 Dodging
 + Level 3.7 Unarmed Combat
 - Level 2.2 Spellcasting
 + Level 2.9 Transmutations


You had 5 spell levels left.
You knew the following spells:

 Your Spells              Type           Power        Failure   Level  Hunger
a - Beastly Appendage     Tmut           ##....       6%          1    #......

Your spell library contained the following spells:

 Spells                   Type           Power        Failure   Level  Hunger
 Sticks to Snakes         Tmut           ##......     10%         2    ###....
 Spider Form              Tmut/Pois      #.........   32%         3    ###....
 Ice Form                 Ice/Tmut       #.......     73%         4    #####..
 Blade Hands              Tmut           ##........   86%         5    ######.


Dungeon Overview and Level Annotations

Branches:
Dungeon (3/15)

Altars:


Innate Abilities, Weirdness & Mutations

You cannot wear most types of armour.
You are very stealthy in the water. (Stealth+)
You are amphibious.
You can wear up to eight rings at the same time.
You can use your tentacles to constrict eight enemies at once.
Your skin changes colour to match your surroundings (Stealth+).
Your rubbery body absorbs attacks. (AC +1, EV +1)
One of your tentacles bears a large vicious spike.


Message History

The puff of flame hits you.
The orc wizard mumbles some strange words.
The orc wizard flickers and vanishes!
Deactivating autopickup; reactivate with Ctrl-A.
Casting: Beastly Appendage (safe; 6% risk of failure)
Confirm with . or Enter, or press ? or * to list all spells.
One of your tentacles grows a vicious spike.
Something hits you.
You closely miss something. Something hits you but does no damage.
You miss something. Something barely misses you.
You closely miss something. Something hits you but does no damage.
You miss something.
You pierce something.
Something hits you.
You miss something. Something hits you.
You barely miss something.
You hear some strange, mumbled words.
A puff of flame appears from out of thin air!
The puff of flame hits you!
* * * LOW HITPOINT WARNING * * *
You closely miss something.
You pierce something.
Something hits you.
You die...

.. ### #.......#......[.. #.#
#.. #.####..#.#....... .. #.#
#.#.....#.#######.
##.#######.####.##.#.##.#######.
...............................
###.##..##.#####.#....#.#######.
#..........## #......#.# #.
#..÷........######....#.# #.
#.............{@........# #.
#..#........######....### #.
#..#........# #....# ##
#..#....##### #....# #..#.#..#
#....# ##.......# #....#
..#o#.#.## ###### .†..#.#.#
..###...#


There were no monsters in sight!

Vanquished Creatures
  An orc (D:3)
  2 giant cockroaches
  7 goblins
  2 hobgoblins
  4 jackals
  3 kobolds
  A quokka (D:3)
  7 bats
  3 frilled lizards
  8 rats
38 creatures vanquished.

Notes
Turn   | Place    | Note
-------+----------+-------------------------------------------
     0 | D:1      | Caman46 the Octopode Transmuter began the quest for the
                  | Orb.
     0 | D:1      | Reached XP level 1. HP: 13/13 MP: 3/3
   377 | D:1      | Reached XP level 2. HP: 11/18 MP: 3/5
  1356 | D:1      | Reached XP level 3. HP: 22/23 MP: 6/6
  2393 | D:3      | Slain by an orc wizard

Action                   || total
-------------------------++-------
Melee: Unarmed           ||    94
       Constrict         ||    25
       Punch             ||     3
       Kick              ||    11
       Tentacles         ||     5
Throw: Tomahawk          ||     4
 Cast: Beastly Appendage ||    14
  Use: Scroll            ||     5
 Stab: Sleeping          ||     6
  Eat: Chunk             ||     5
Armor: Skin              ||     6
Dodge: Dodged            ||    53
